 Dungeon Sprint DCSS version 0.18-a0-1121-gb454403 (webtiles) character file.

275877 Kidiri the Unseen (level 12, 63/63 HPs)
             Began as a Spriggan Enchanter on Jan 19, 2016.
             Was the Champion of Dithmenos.
             Escaped with the Orb!
             The game lasted 00:22:51 (4674 turns).

Kidiri the Unseen (Spriggan Enchanter)              Turns: 4674, Time: 00:22:52

Health: 63/63      AC:  3    Str:  4    XL:     12   Next: 58%
Magic:  31/31      EV: 34    Int: 19    God:    Dithmenos [******]
Gold:   1976       SH:  4    Dex: 19    Spells: 11 memorised, 5 levels left

rFire  + . .     SeeInvis +     m - +1 short sword (speed)
rCold  . . .     Gourm    .     n - +1 robe of Existentialism {+Inv}
rNeg   . . .     Faith    .     (shield restricted)
rPois  .         Spirit   .     (helmet restricted)
rElec  .         Dismiss  .     (no cloak)
rCorr  .         Reflect  +     (gloves unavailable)
SustAt .         Harm     .     (boots unavailable)
MR     ++...     NoTele   +     p - +4 amulet of reflection
Stlth  ++++++....               d - ring of protection from fire
                                (no ring)

@: wreathed by umbra, very quick, very resistant to hostile enchantments, very
stealthy
A: unfitting armour, see invisible, herbivore 3, speed 3, slow metabolism 2
a: Shadow Step, Shadow Form, Renounce Religion, Evoke Invisibility
0: Orb of Zot


You escaped.
You worshipped Dithmenos.
Dithmenos was exalted by your worship.
You were full.

You visited 1 branch You collected 3746 gold pieces.
You spent 1770 gold pieces at shops.

Inventory:

Hand Weapons
 m - a +1 short sword of speed (weapon)
 r - a +0 mace
Armour
 n - the +1 robe of Existentialism (worn) {+Inv}
   (You bought it in a shop in the Dungeon)

   It lets you turn invisible.
Jewellery
 a - the cursed ring "Liraicwoeqo" {rF+ Str-5}
   (You found it in the Dungeon)

   [ring of strength]

   It affects your strength (-5).
   It protects you from fire.
   It has a curse placed upon it.
 d - a ring of protection from fire (right hand)
 p - a +4 amulet of reflection (around neck)
Scrolls
 c - 2 scrolls of identify
 j - a scroll of blinking
 k - a scroll of enchant armour
Potions
 e - 3 potions of curing
 f - a potion of flight {unknown}
 g - a potion of haste
 h - 3 potions of magic
 i - a potion of berserk rage
 l - a potion of cure mutation
 o - a potion of lignification
Books
 q - a book of Spatial Translocations

   Spells                             Type                      Level
   a - Apportation                    Translocation                1
   b - Blink                          Translocation                2
   c - Shroud of Golubria             Charms/Translocation         2
   d - Portal Projectile              Translocation                3
   e - Teleport Other                 Translocation                3
   f - Passage of Golubria            Translocation                4
Comestibles
 b - 3 fruits


   Skills:
 + Level 7.4 Fighting
 * Level 13.2 Short Blades
 + Level 6.6 Armour
 * Level 16.9 Dodging
 * Level 18.3 Stealth
 * Level 14.6 Spellcasting
 + Level 6.4 Conjurations
 + Level 11.1 Hexes
 + Level 7.7 Charms
 + Level 7.8 Translocations
 + Level 6.9 Transmutations
 + Level 7.3 Ice Magic
 + Level 4.6 Earth Magic
 - Level 5.4 Invocations


You had 5 spell levels left.
You knew the following spells:

 Your Spells              Type           Power        Failure   Level  Hunger
a - Corona                Hex            ######.      1%          1    None
b - Ensorcelled Hibernat  Hex/Ice        #####.       1%          2    None
c - Confuse               Hex            ######..     1%          3    None
d - Tukima's Dance        Hex            ######..     1%          3    None
e - Dazzling Spray        Conj/Hex       #####...     1%          3    None
f - Gell's Gravitas       Hex/Tloc       ######....   1%          3    None
g - Metabolic Englaciati  Hex/Ice        #####.....   3%          5    ####...
h - Yara's Violent Unrav  Hex/Trmt       #####.....   3%          5    ####...
i - Petrify               Trmt/Erth      #####...     6%          4    None
j - Shroud of Golubria    Chrm/Tloc      #####.....   1%          2    None
k - Passage of Golubria   Tloc           N/A          1%          4    None


Dungeon Overview and Level Annotations

Branches:
Dungeon (1/1)

Altars:
Cheibriados
Dithmenos
Elyvilon
Fedhas
Gozag
Kikubaaqudgha
Makhleb
Nemelex Xobeh
Okawaru
Pakellas
Qazlal
Ru
Sif Muna
Trog
Vehumet
Xom
Yredelemnul
Zin
The Shining One
Jiyva

Shops:
D *=:%?[(=!?(:%=(![*![*

Annotations:
D Norris, Tiamat


Innate Abilities, Weirdness & Mutations

You are tiny and cannot use many weapons and most armour.
You have supernaturally acute eyesight.
You are a herbivore.
You cover ground extremely quickly.
You need consume almost no food.


Message History

a dagger; a robe
There is an open door, spattered with blood here.
You close the door.
There is an open door here.
You close the door.
There is an open door here.
You close the door.
There is an open door here.
Things that are here:
a scythe; a robe You close the door.
There is an open door here.
You see here a giant club.
You close the door.
There is an open door here.
You close the door.
There is an open door here.
You close the door.
There is a staircase leading out of the dungeon here.
You have escaped!

##################
#@.#..+..#.)+..#__
#..+..#.)+..#..+..
#..#####+#####+#__
#..####..#...#.###
#..#__####..##[#≈≈
#..#_.___##+#..+≈§
#⌠⌠#_.∩...+.(._#§≈
####_..._##_.#+##+
*,,#_____###+#)#(%


There were no monsters in sight!

Vanquished Creatures
  4 fire giants (D)
  A lorocyproca (D)
  A hydra (D)
  2 centaur warriors (D)
  Sonja (D)
  7 unseen horrors (D)
  A deep troll (D)
  A lindwurm (D)
  8 shining eyes (D)
  An oklob plant (D)
  A gargoyle (D)
  4 demonic crawlers (D)
  2 kobold demonologists (D)
  A slime creature (D)
  2 redbacks (D)
  Sigmund (D)
  A yak (D)
  13 hogs (D)
  A wasp (D)
  An ogre (D)
  7 necrophages (D)
  8 jellies (D)
  Ijyb (D)
  7 giant eyeballs (D)
  A ballistomycete (D)
  A giant spore (D)
79 creatures vanquished.

Vanquished Creatures (others)
  A warmonger (D)
  A gelid demonspawn (D)
  A gargoyle (D)
  A giant spore (D)
4 creatures vanquished.

Grand Total: 83 creatures vanquished

Notes
Turn   | Place    | Note
--------------------------------------------------------------
     0 | D        | Kidiri the Spriggan Enchanter began the quest for the Orb.
     0 | D        | Reached XP level 1. HP: 9/9 MP: 5/5
     3 | D        | Noticed Ijyb
    23 | D        | Killed Ijyb
    23 | D        | Reached skill level 1 in Fighting
    23 | D        | Reached skill level 5 in Stealth
    23 | D        | Reached XP level 2. HP: 9/14 MP: 5/8
    27 | D        | Learned a level 2 spell: Ensorcelled Hibernation
   140 | D        | Noticed an ogre
   142 | D        | Killed an ogre
   142 | D        | Reached skill level 1 in Armour
   142 | D        | Reached skill level 6 in Dodging
   142 | D        | Reached skill level 7 in Stealth
   142 | D        | Reached skill level 5 in Spellcasting
   142 | D        | Reached skill level 5 in Hexes
   142 | D        | Reached skill level 1 in Ice Magic
   142 | D        | Reached XP level 3. HP: 16/18 MP: 8/10
   142 | D        | Reached XP level 4. HP: 20/23 MP: 9/12
   149 | D        | Learned a level 3 spell: Confuse
   153 | D        | Learned a level 3 spell: Tukima's Dance
   157 | D        | Learned a level 3 spell: Dazzling Spray
   197 | D        | Noticed Sigmund
   199 | D        | Killed Sigmund
   199 | D        | Reached skill level 5 in Short Blades
   199 | D        | Reached skill level 8 in Stealth
   199 | D        | Reached skill level 1 in Conjurations
   199 | D        | Reached XP level 5. HP: 27/27 MP: 13/15
   199 | D        | Reached XP level 6. HP: 32/32 MP: 13/16
   232 | D        | Found a snail-covered altar of Cheibriados.
   232 | D        | Found a viscous altar of Jiyva.
   232 | D        | Found a shadowy altar of Dithmenos.
   232 | D        | Found a blossoming altar of Fedhas.
   232 | D        | Noticed a slime creature
   239 | D        | Killed a slime creature
   239 | D        | Reached skill level 9 in Dodging
   239 | D        | Reached skill level 10 in Stealth
   241 | D        | Became a worshipper of Dithmenos the Shadowed
   334 | D        | Found a deep blue altar of Sif Muna.
   336 | D        | Found a radiant altar of Vehumet.
   376 | D        | Found Cemyanism's Food Emporium.
   376 | D        | Found a white marble altar of Elyvilon.
   376 | D        | Found a stormy altar of Qazlal.
   376 | D        | Found a burning altar of Makhleb.
   376 | D        | Found a sacrificial altar of Ru.
   376 | D        | Found an oddly glowing altar of Pakellas.
   376 | D        | Found a basalt altar of Yredelemnul.
   376 | D        | Found a glowing golden altar of the Shining One.
   376 | D        | Found a sparkling altar of Nemelex Xobeh.
   376 | D        | Found a shimmering altar of Xom.
   376 | D        | Found an opulent altar of Gozag.
   376 | D        | Found an ancient bone altar of Kikubaaqudgha.
   376 | D        | Found a glowing silver altar of Zin.
   376 | D        | Noticed a yak
   377 | D        | Found an iron altar of Okawaru.
   378 | D        | Killed a yak
   378 | D        | Reached skill level 1 in Invocations
   378 | D        | Reached XP level 7. HP: 36/36 MP: 17/19
   379 | D        | Found a bloodstained altar of Trog.
   397 | D        | Noticed Sonja
   402 | D        | Killed Sonja
   402 | D        | Reached * piety under Dithmenos
   402 | D        | Reached skill level 10 in Dodging
   402 | D        | Reached skill level 11 in Stealth
   402 | D        | Reached XP level 8. HP: 32/42 MP: 18/22
   477 | D        | Found Ofikluots's General Store.
   498 | D        | Noticed a deep troll
   502 | D        | Killed a deep troll
   502 | D        | Reached skill level 12 in Stealth
   512 | D        | Found Wakhip's Armour Emporium.
   539 | D        | Noticed a centaur warrior
   539 | D        | Noticed a centaur warrior
   541 | D        | Killed a centaur warrior
   541 | D        | Reached skill level 13 in Stealth
   541 | D        | Reached skill level 10 in Spellcasting
   541 | D        | Reached XP level 9. HP: 37/46 MP: 20/24
   548 | D        | Killed a centaur warrior
   548 | D        | Reached ** piety under Dithmenos
   548 | D        | Reached skill level 5 in Fighting
   563 | D        | Killed a gargoyle
   741 | D        | Noticed an oklob plant
   743 | D        | Killed an oklob plant
   763 | D        | Reached skill level 14 in Stealth
   773 | D        | Noticed an unseen horror
   774 | D        | Noticed an unseen horror
   783 | D        | Killed an unseen horror
   783 | D        | Reached *** piety under Dithmenos
   783 | D        | Reached skill level 10 in Short Blades
   783 | D        | Reached skill level 5 in Ice Magic
   783 | D        | Reached XP level 10. HP: 51/51 MP: 18/26
   787 | D        | Killed an unseen horror
   787 | D        | Reached skill level 5 in Armour
   787 | D        | Reached skill level 5 in Invocations
   843 | D        | Reached **** piety under Dithmenos
   989 | D        | Reached ***** piety under Dithmenos
   992 | D        | Reached skill level 15 in Stealth
  1008 | D        | Learned a level 3 spell: Gell's Gravitas
  1014 | D        | Learned a level 5 spell: Metabolic Englaciation
  1020 | D        | Learned a level 5 spell: Yara's Violent Unravelling
  1025 | D        | Learned a level 4 spell: Petrify
  1029 | D        | Found Ewnekeff's Jewellery Shoppe.
  1029 | D        | Found Guotaoc's Weapon Shop.
  1029 | D        | Found Mitanofa's Distillery.
  1031 | D        | Found Taevvix's Magic Scroll Emporium.
  1031 | D        | Found Ykenop's Antique Weapon Shop.
  1031 | D        | Found Hiereer's Book Shoppe.
  1031 | D        | Found Kucheror's Food Boutique.
  1031 | D        | Found Wufehuwk's Jewellery Emporium.
  1031 | D        | Found Poepteomoe's Antique Weapon Shop.
  1031 | D        | Found Qeffo's Distillery.
  1035 | D        | Found Ceivahej's Antique Armour Boutique.
  1036 | D        | Found Sirujikk's Distillery.
  1036 | D        | Found Jimidghu's Assorted Antiques.
  1037 | D        | Found Uryzxoh's General Store.
  1053 | D        | Bought a book of Spatial Translocations for 845 gold pieces
  1072 | D        | Learned a level 2 spell: Shroud of Golubria
  1255 | D        | Reached skill level 1 in Charms
  1255 | D        | Reached skill level 1 in Translocations
  1255 | D        | Reached skill level 1 in Transmutations
  1370 | D        | Reached skill level 1 in Earth Magic
  1377 | D        | Reached skill level 5 in Conjurations
  1450 | D        | Noticed a lindwurm
  1458 | D        | Killed a lindwurm
  1458 | D        | Reached ****** piety under Dithmenos
  1515 | D        | Reached XP level 11. HP: 56/56 MP: 28/28
  1523 | D        | Reached skill level 16 in Stealth
  1727 | D        | Noticed a 12-headed hydra
  1729 | D        | Killed a 12-headed hydra
  1729 | D        | Reached skill level 15 in Dodging
  1729 | D        | Reached skill level 10 in Hexes
  1824 | D        | Bought a scroll of identify for 22 gold pieces
  1824 | D        | Bought a scroll of enchant armour for 82 gold pieces
  1824 | D        | Bought a scroll of enchant weapon for 82 gold pieces
  1824 | D        | Bought a scroll of identify for 22 gold pieces
  1824 | D        | Bought a scroll of identify for 22 gold pieces
  1824 | D        | Bought a scroll of identify for 22 gold pieces
  1827 | D        | Bought a scroll of magic mapping for 38 gold pieces
  1931 | D        | Noticed a shining eye
  1931 | D        | Noticed a shining eye
  1931 | D        | Noticed a shining eye
  1931 | D        | Noticed a shining eye
  1931 | D        | Noticed a shining eye
  1931 | D        | Noticed a shining eye
  1932 | D        | Noticed a shining eye
  1932 | D        | Noticed a shining eye
  1933 | D        | Killed a shining eye
  1934 | D        | Killed a shining eye
  1936 | D        | Killed a shining eye
  1937 | D        | Killed a shining eye
  1937 | D        | Reached skill level 5 in Charms
  1937 | D        | Reached skill level 5 in Translocations
  1939 | D        | Killed a shining eye
  1940 | D        | Gained mutation: Armour fits poorly on your strangely shaped body. [a shining eye]
  1941 | D        | Killed a shining eye
  1945 | D        | Killed a shining eye
  1955 | D        | Gained mutation: Potions and wands are less effective at restoring your health. [a shining eye]
  1960 | D        | Gained mutation: You occasionally shout uncontrollably at your foes. [a shining eye]
  1963 | D        | Killed a shining eye
  1963 | D        | Reached skill level 5 in Transmutations
  2103 | D        | Found Wesoy's Magic Scroll Shop.
  2103 | D        | Found Iratosho's Jewellery Shoppe.
  2103 | D        | Found Ygos's Antique Armour Boutique.
  2103 | D        | Found Qeomp's Book Emporium.
  2111 | D        | Bought a sheer robe for 102 gold pieces
  2121 | D        | Identified the cursed +1 robe of Existentialism {+Inv} (You bought it in a shop in the Dungeon)
  2141 | D        | Learned a level 4 spell: Passage of Golubria
  2503 | D        | Noticed Norris
  2503 | D        | Noticed a lorocyproca
  2510 | D        | Killed a lorocyproca
  2510 | D        | Reached skill level 17 in Stealth
  2532 | D        | Lost mutation: You occasionally shout uncontrollably at your foes. [potion of cure mutation]
  2532 | D        | Lost mutation: Armour fits poorly on your strangely shaped body. [potion of cure mutation]
  2532 | D        | Lost mutation: Potions and wands are less effective at restoring your health. [potion of cure mutation]
  2999 | D        | Noticed a daeva
  3003 | D        | Noticed an unseen horror
  3003 | D        | Noticed an unseen horror
  3003 | D        | Noticed an unseen horror
  3003 | D        | Noticed an unseen horror
  3005 | D        | Killed an unseen horror
  3006 | D        | Noticed an unseen horror
  3007 | D        | Killed an unseen horror
  3007 | D        | Reached XP level 12. HP: 62/62 MP: 30/30
  3414 | D        | Bought a scroll of remove curse for 33 gold pieces
  3561 | D        | Bought an uncursed ring of protection from fire for 250 gold pieces
  3561 | D        | Bought a +4 amulet of reflection for 250 gold pieces
  3722 | D        | Noticed a shadow dragon
  3722 | D        | Noticed a golden dragon
  4232 | D        | Noticed a fire giant
  4233 | D        | Noticed a fire giant
  4233 | D        | Noticed a fire giant
  4233 | D        | Noticed a fire giant
  4234 | D        | Killed a fire giant
  4236 | D        | Killed a fire giant
  4270 | D        | Killed a fire giant
  4270 | D        | Reached skill level 18 in Stealth
  4302 | D        | Killed a fire giant
  4550 | D        | Got a clouded wooden ring
  4551 | D        | Identified the cursed ring "Liraicwoeqo" {rF+ Str-5} (You found it in the Dungeon)
  4567 | D        | Noticed Tiamat
  4592 | D        | Got the Orb of Zot
  4633 | D        | Killed a putrid warmonger
  4674 | D        | Escaped with the Orb!

Vault maps used:
D:        dungeon_sprint_1

Action                   |  1- 3 |  4- 6 |  7- 9 | 10-12 || total
-------------------------+-------+-------+-------+-------++-------
Melee: Dagger            |    15 |     4 |    12 |   108 ||   139
       Short sword       |       |       |       |    18 ||    18
 Fire: Shortbow          |       |       |       |     1 ||     1
 Cast: Corona            |     2 |       |       |       ||     2
       Dazzling Spray    |       |     3 |       |    36 ||    39
       Ensorcelled Hiber |       |     1 |     6 |    23 ||    30
       Confuse           |       |       |     1 |     3 ||     4
       Shroud of Golubri |       |       |       |     2 ||     2
       Passage of Golubr |       |       |       |     2 ||     2
Invok: Shadow Step       |       |       |       |     9 ||     9
  Use: Scroll            |       |       |       |     9 ||     9
       Potion            |       |       |       |     5 ||     5
 Stab: Sleeping          |     2 |     4 |     8 |    50 ||    64
       Confused          |       |       |     1 |     1 ||     2
       Invisible         |       |       |       |    12 ||    12
  Eat: Bread ration      |       |       |       |     1 ||     1
